 Dungeon Crawl Stone Soup version 0.31-a0-221-gbddc013574 (webtiles) character file.

Game seed: 8676221031383254728

2585 Zonian the Skirmisher (level 9, -1/48 (57) HPs)
             Began as a Deep Elf Hunter on July 4, 2023.
             Was a Follower of Ashenzari.
             Killed from afar by an orc wizard (10 damage)
             ... with a puff of flame
             ... on level 7 of the Dungeon.
             The game lasted 00:18:47 (10360 turns).

Zonian the Skirmisher (Deep Elf Hunter)            Turns: 10360, Time: 00:18:48

HP:   -1/48 (57)    AC:  8    Str:  8    XL:     9   Next: 32%
MP:   11/11         EV: 14    Int: 15    God:    Ashenzari [*.....]
Gold: 324           SH:  0    Dex: 22    Spells: 8/8 levels left

rFire   x . .        E - +0 shortbow (flame)
rCold   + + +        (shield currently unavailable)
rNeg    . . .        D - +1 steam dragon scales
rPois   .            l - +1 helmet "Share My Submission" {Evo, Melee} (curse)
rElec   .            w - scarf "Tethered Oracle" {rC+ rF+, Fort, Melee} (curse)
rCorr   .            (no gloves)
SInv    .            (no boots)
Will    .....        (no amulet)
Stlth   +++          g - ring of ice
HPRegen 0.28/turn    C - ring of ice
MPRegen 0.12/turn

%: no passive effects
@: heavily drained, invisible
A: no striking features
a: Renounce Religion, Shatter the Chains


You were on level 7 of the Dungeon.
You worshipped Ashenzari.
Ashenzari was aware of your devotion.
You visited 2 branches of the dungeon, and saw 8 of its levels.

You collected 324 gold pieces.

Inventory:

Hand Weapons
 a - a +0 shortbow
 n - a +2 dagger of freezing
 o - a +0 short sword
 E - a +0 shortbow of flaming (weapon)
 G - a +4 short sword
 H - a +0 orcbow
Missiles
 f - 5 javelins
 z - 5 poisoned darts
Armour
 c - a +0 leather armour
 l - the cursed +1 helmet "Share My Submission" (worn) {Evo, Melee}
   (You found it on level 2 of the Dungeon)

   It has a curse which improves the following skills: Evocations: Evocations.
   Melee Combat: Short Blades, Long Blades, Axes, Maces & Flails, Polearms,
   Staves and Unarmed Combat.
 w - the cursed scarf "Tethered Oracle" (worn) {rC+ rF+, Fort, Melee}
   (You found it on level 5 of the Dungeon)

   It has a curse which improves the following skills: Fortitude: Armour and
   Shields.
   Melee Combat: Short Blades, Long Blades, Axes, Maces & Flails, Polearms,
   Staves and Unarmed Combat.
 D - +1 steam dragon scales (worn)
Magical Staves
 k - a staff of air
 m - a staff of earth
Jewellery
 g - a ring of ice (left hand)
 C - a ring of ice (right hand)
 F - a ring of magical power
Wands
 x - a wand of flame (8)
Scrolls
 b - 2 scrolls of butterflies
 h - a scroll of amnesia
 q - 2 scrolls of fear
 u - a scroll of revelation
 v - 2 scrolls of poison
 y - a scroll of teleportation
 A - a scroll of immolation
Potions
 d - 3 potions of brilliance
 e - 2 potions of enlightenment
 i - 2 potions of attraction
 j - a potion of invisibility
 p - a potion of cancellation
 s - a potion of ambrosia
 t - a potion of might
 B - a potion of berserk rage


   Skills:
 + Level 7.5 Fighting
 + Level 12.4 Ranged Weapons
 - Level 3.5 Dodging
 - Level 3.0 Stealth


You had 8 spell levels left.
You didn't know any spells.
Your spell library contained the following spells:

 Spells                   Type           Power      Damage    Failure   Level
 Apportation              Tloc           0%         N/A       26%         1
 Freeze                   Ice            0%         1d3       26%         1
 Kiss of Death            Conj/Necr      0%         2d5       26%         1
 Slow                     Hex            0%         N/A       26%         1
 Confusing Touch          Hex            0%         N/A       63%         3
 Frozen Ramparts          Ice            0%         1d1       63%         3
 Hailstorm                Conj/Ice       0%         3d3       63%         3
 Mephitic Cloud           Conj/Pois/Air  0%         N/A       63%         3
 Stone Arrow              Conj/Erth      0%         3d7       63%         3
 Summon Guardian Golem    Hex/Summ       0%         N/A       63%         3
 Vampiric Draining        Necr           0%         2d6       63%         3
 Animate Armour           Summ/Erth      0%         N/A       95%         4
 Dispel Undead            Necr           0%         3d6       95%         4
 Alistair's Intoxication  Tmut/Pois      0%         N/A       100%        5
 Conjure Ball Lightning   Conj/Air       0%         3x3d6     100%        6
 Orb of Destruction       Conj           0%         9d5       100%        7
 Spellforged Servitor     Conj/Summ      0%         N/A       100%        7
 Lehudib's Crystal Spear  Conj/Erth      0%         10d2      100%        8
 Chain Lightning          Conj/Air       0%         N/A       100%        9


Dungeon Overview and Level Annotations

Branches:
Dungeon (7/15)             Temple (1/1) D:4

Altars:
Ashenzari
Fedhas
Hepliaklqana
Makhleb
Nemelex Xobeh
Okawaru
Qazlal
Ru
Sif Muna
Trog
Uskayaw
Vehumet
Xom
Yredelemnul
The Shining One

Shops:
D:4 ?   D:7 =

Annotations:
D:4 Grinder
D:5 1 runed translucent door, horus123's ghost, amateur DECj


Message History

A magic dart appears from out of thin air!
The magic dart hits you. The orc warrior completely misses you.
Fire: E) +0 shortbow (flame)
Press: ? - help, Q - select action, (/) - cycle Shift-Dir - straight line, f/p - orc warrior
Aim: an orc warrior, wielding a +0 glaive and wearing a +0 chain mail (almost dead, 69% to hit)
You shoot an arrow.
The arrow barely misses the orc warrior.
The arrow hits the orc.
The arrow burns the orc.
The orc is moderately wounded.
Fire: E) +0 shortbow (flame)
Press: ? - help, Q - select action, (/) - cycle Shift-Dir - straight line, f/p - orc warrior
Aim: an orc warrior, wielding a +0 glaive and wearing a +0 chain mail (almost dead, 69% to hit)
You shoot an arrow. Something hits you but does no damage.
You feel drained. The orc warrior misses you.
Fire: E) +0 shortbow (flame)
Press: ? - help, Q - select action, (/) - cycle Shift-Dir - straight line, f/p - orc warrior
Aim: an orc warrior, wielding a +0 glaive and wearing a +0 chain mail (almost dead, 69% to hit)
You shoot an arrow.
The arrow hits the orc warrior but does no damage.
The orc warrior is almost dead.
Something hits you but does no damage.
You feel drained. The orc warrior misses you.
Fire: E) +0 shortbow (flame)
Press: ? - help, Q - select action, (/) - cycle Shift-Dir - straight line, f/p - orc warrior
Aim: an orc warrior, wielding a +0 glaive and wearing a +0 chain mail (almost dead, 69% to hit)
You shoot an arrow. The arrow hits the orc warrior.
The arrow burns the orc warrior.
The orc warrior is almost dead.
Something hits you but does no damage.
You feel drained.
The orc warrior hits you from afar with a +0 glaive!
You fade into invisibility!
Something barely misses you.
The orc warrior hits you from afar with a +0 glaive!
* * * LOW HITPOINT WARNING * * *
Unknown command.
You hear some strange, mumbled words.
A puff of flame appears from out of thin air!
The puff of flame hits you! The fire burns you terribly!
You die...

..................##....#
........................#
.........###...####....#
###.............##....#
#.............##....#
###'#.........##....#
#.###+########.....
#####.###.....# ####..
#.'..∩@.{o....# ..
....###.###o....#
.....##.# ........#
......#'#.......#..
.............f#...#
###.........#...#..
.....##..#...#.. # .....
.#...#...#.


You could see an orc warrior (unable to see you) and an orc (wandering, unable
to see you).

Vanquished Creatures
  A steam dragon (D:6)
  2 water moccasins
  4 ice beasts
  A sky beast (D:7)
  2 ogres (D:5)
  A phantom (D:4)
  2 centaurs
  A kobold brigand (D:5)
  3 bullfrogs (D:6)
  6 scorpions
  4 wights (D:6)
  An electric eel (D:7)
  A gnoll bouda (D:5)
  3 hounds
  An orc priest (D:6)
  An iguana (D:4)
  A sleepcap (D:7)
  2 orc wizards
  7 gnolls
  4 adders
  A shadow imp (D:6)
  A white imp (D:5)
  An ufetubus (D:5)
  3 worms
  3 dart slugs
  13 orcs
  10 ball pythons
  5 endoplasms
  7 giant cockroaches
  8 goblins
  7 hobgoblins
  2 jackals (D:5)
  2 quokkas
  7 bats
  2 frilled lizards
  14 kobolds
  3 rats
137 creatures vanquished.

Vanquished Creatures (others)
  An orc wizard (D:6)
1 creature vanquished.

Grand Total: 138 creatures vanquished

Notes
Turn   | Place    | Note
-------+----------+-------------------------------------------
     0 | D:1      | Zonian the Deep Elf Hunter began the quest for the Orb.
     0 | D:1      | Reached XP level 1. HP: 12/12 MP: 3/3
   130 | D:1      | Reached XP level 2. HP: 17/17 MP: 4/4
   794 | D:1      | Reached XP level 3. HP: 21/21 MP: 5/5
  1756 | D:2      | Reached XP level 4. HP: 26/26 MP: 6/6
  1941 | D:3      | Found a faded altar of an unknown god.
  1988 | D:3      | Reached skill level 6 in Ranged Weapons
  2872 | D:4      | Noticed a phantom
  2907 | D:4      | Found Zaaggaeps's Magic Scroll Shoppe.
  3027 | D:4      | Noticed a scorpion
  3039 | D:4      | Killed a scorpion
  3040 | D:4      | Reached XP level 5. HP: 28/32 MP: 7/7
  3191 | D:4      | Killed a phantom
  3192 | D:4      | Reached skill level 7 in Ranged Weapons
  3408 | D:4      | Reached XP level 6. HP: 37/37 MP: 8/8
  3435 | D:4      | Found a staircase to the Ecumenical Temple.
  3863 | Temple   | Entered the Ecumenical Temple
  3916 | Temple   | Became a worshipper of Ashenzari the Shackled
  4306 | D:5      | Entered Level 5 of the Dungeon
  4335 | D:5      | Found an iron altar of Okawaru.
  5315 | D:5      | Found a runed translucent door.
  5316 | D:5      | Noticed horus123's ghost (amateur DECj)
  5351 | D:5      | Reached skill level 8 in Ranged Weapons
  5430 | D:5      | Found a shimmering blue altar of Sif Muna.
  5461 | D:5      | Reached XP level 7. HP: 43/43 MP: 9/9
  5515 | D:5      | Noticed Grinder
  5797 | D:5      | Reached skill level 9 in Ranged Weapons
  6419 | D:5      | Reached skill level 5 in Fighting
  6782 | D:5      | Reached XP level 8. HP: 49/49 MP: 10/10
  6784 | D:5      | Found a shimmering altar of Xom.
  7097 | D:5      | Reached skill level 10 in Ranged Weapons
  8483 | D:6      | Reached skill level 11 in Ranged Weapons
  9156 | D:6      | Found a sparkling altar of Nemelex Xobeh.
  9243 | D:6      | Reached XP level 9. HP: 56/56 MP: 11/11
  9436 | D:6      | Reached * piety under Ashenzari
  9563 | D:6      | Reached skill level 12 in Ranged Weapons
 10306 | D:7      | Identified the Volume of Astrapomancy
 10321 | D:7      | Found Nuniyck's Jewellery Boutique.
 10360 | D:7      | Killed from afar by an orc wizard

Illustrated notes

Levels and vault maps discovered:
D:1:      wheals_arrival_linesprint, layout_basic, kennysheep_small_spiral,
          minmay_octomino_e4
D:2:      layout_rooms
D:3:      layout_rooms, nicolae_ecumenical_pavilion
D:4:      layout_layer_cave, minmay_temple_entry_antechambers, serial_shops,
          nicolae_shop_trees
D:5:      minmay_recursive_quarters, layout_cave_pools, lemuel_blue_sif_altar,
          lemuel_round_altar, lemuel_crystal_altar, gammafunk_ghost_grave,
          uniq_grinder
D:6:      layout_basic, mainiacjoe_overflow_chevrons
D:7:      statuecave_lemuel, layout_basic, serial_shops,
          nicolae_shop_hallway_plus, hex_large, minmay_misc_feat_diagonals,
          uniq_crazy_yiuf_cottage
Temple:   nicolae_temple_superstar

Skill      XL: |  1  2  3  4  5  6  7  8  9 |
---------------+----------------------------+-----
Stealth        | 2 3 |  3.0
Fighting       | 2 3 4 5 6 7 |  7.5
Dodging        | 3 |  3.5
Ranged Weapons | 6 7 8 9 11 12 | 12.4

Action                     |  1- 3 |  4- 6 |  7- 9 || total
---------------------------+-------+-------+-------++-------
   Fire: Shortbow          |   115 |   161 |   342 ||   618
 Invoke: Curse Item        |       |       |     2 ||     2
  Evoke: Wand              |       |       |     1 ||     1
    Use: Scroll            |       |     9 |     4 ||    13
         Potion            |       |     2 |     8 ||    10
 Armour: Leather armour    |    16 |    17 |    34 ||    67
         Steam dragon scal |       |       |    11 ||    11
  Dodge: Dodged            |    27 |    49 |   130 ||   206

Table legend: (Time is in decaauts)
 A = Elapsed time spent in this place.
 B = Non-inter-level travel time spent in this place.
 C = Inter-level travel time spent in this place.
 D = Time resting spent in this place.
 E = Time spent auto-exploring this place.
 F = Levels seen in this place.
 G = Mean time per level.
                   A        B        C        D        E       F      G
               +--------+--------+--------+--------+--------+-----+--------+
         Total |  10373 |  10044 |    329 |   4615 |   3742 |   8 | 1296.6 |
       Dungeon |  10313 |   9992 |    321 |   4615 |   3705 |   7 | 1473.3 |
        Temple |     60 |     53 |      7 |      0 |     37 |   1 |   60.0 |
               +--------+--------+--------+--------+--------+-----+--------+

Top non-repeatable levels by time:
     D:6: 2894 daAuts
     D:5: 2827 daAuts
     D:4: 1780 daAuts
     D:1: 1515 daAuts
     D:3: 743 daAuts
     D:2: 449 daAuts
     D:7: 102 daAuts
  Temple: 60 daAuts
